 Dungeon Crawl Stone Soup version 0.27-a0-1202-ge72e49191c (webtiles) character file.

Game seed: 2137269869203336835

7746 robertstho the Quickloader (level 11, 0/99 HPs)
             Began as a Deep Dwarf Hunter on June 3, 2021.
             Was a Believer of Makhleb.
             Slain by a vampire (7 damage)
             ... on level 10 of the Dungeon.
             The game lasted 00:18:14 (9082 turns).

robertstho the Quickloader (Deep Dwarf Hunter)      Turns: 9082, Time: 00:18:14

Health: 0/99       AC: 14    Str: 17    XL:     11   Next: 0%
Magic:  2/2        EV: 11    Int: 12    God:    Makhleb [**....]
Gold:   494        SH: 15    Dex: 15    Spells: 10/10 levels left

rFire    x . .     SeeInvis .   A - +1 scimitar (holy)
rCold    + . .     Faith    .   m - +0 tower shield
rNeg     . . .     Spirit   .   H - +0 acid dragon scales
rPois    .         Reflect  .   k - +2 helmet
rElec    .         Harm     .   (no cloak)
rCorr    +         Rampage  .   w - +0 pair of gloves
Will     ++...                  e - +0 pair of boots
Stlth    ++........             (no amulet)
HPRegen  0.00/turn              F - ring of ice
MPRegen  0.08/turn              J - ring of willpower

@: mighty, studying Armour
A: damage resistance, heal wounds, sense surroundings 2, no regeneration
a: Heal Wounds, Renounce Religion, Minor Destruction


You were on level 10 of the Dungeon.
You worshipped Makhleb.
Makhleb was pleased with you.
You visited 2 branches of the dungeon, and saw 11 of its levels.
You also visited: Ossuary.

You collected 494 gold pieces.

Inventory:

Hand Weapons
 a - a +1 hand crossbow
 l - a +1 short sword of protection
 A - a +1 scimitar of holy wrath (weapon)
Missiles
 y - 10 boomerangs of dispersal (quivered)
Armour
 e - a +0 pair of boots (worn)
 k - a +2 helmet (worn)
 m - a +0 tower shield (worn)
 w - a +0 pair of gloves (worn)
 H - +0 acid dragon scales (worn)
Jewellery
 d - a ring of see invisible
 E - a ring of wizardry
 F - a ring of ice (left hand)
 G - a ring of resist corrosion
 J - a ring of willpower (right hand)
Wands
 x - a wand of acid (6)
Scrolls
 f - a scroll of holy word {unknown}
 g - 3 scrolls of fear
 n - 2 scrolls of noise
 o - 2 scrolls of enchant armour
 p - 2 scrolls of silence
 q - 2 scrolls of summoning
 t - 4 scrolls of teleportation
 B - a scroll of amnesia
 D - a scroll of magic mapping
Potions
 b - a potion of resistance {unknown}
 c - a potion of heal wounds {unknown}
 h - 10 potions of curing {unknown}
 i - 3 potions of degeneration {unknown}
 r - a potion of cancellation {unknown}
 s - a potion of attraction {unknown}
 u - a potion of mutation {unknown}
 z - a potion of lignification {unknown}
 I - a potion of brilliance


   Skills:
 * Level 6.8 Fighting
 + Level 2.1(2.3) Short Blades
 + Level 1.0(1.9) Long Blades
 * Level 11.1 Crossbows
 * Level 7.7 Armour
 * Level 7.8 Dodging
 + Level 2.1 Stealth
 + Level 5.9 Shields
 * Level 5.0 Invocations


You had 10 spell levels left.
You didn't know any spells.
Your spell library contained the following spells:

 Spells                   Type           Power      Damage    Failure   Level
 Animate Skeleton         Necr           0%         N/A       99%         1
 Apportation              Tloc           0%         N/A       99%         1
 Corona                   Hex            0%         N/A       99%         1
 Magic Dart               Conj           0%         1d3       99%         1
 Summon Small Mammal      Summ           0%         N/A       99%         1
 Poisonous Vapours        Pois/Air       0%         N/A       100%        2
 Searing Ray              Conj           0%         3d3       100%        2
 Confusing Touch          Hex            0%         N/A       100%        3
 Conjure Flame            Conj/Fire      0%         6-21      100%        3
 Dazzling Flash           Conj/Hex       0%         N/A       100%        3
 Gell's Gravitas          Tloc           0%         N/A       100%        3
 Lesser Beckoning         Tloc           0%         N/A       100%        3
 Mephitic Cloud           Conj/Pois/Air  0%         N/A       100%        3
 Tukima's Dance           Hex            0%         N/A       100%        3
 Fulminant Prism          Conj/Hex       0%         3d6       100%        4
 Iskenderun's Mystic Bla  Conj/Tloc      0%         2d3       100%        4
 Petrify                  Tmut/Erth      0%         N/A       100%        4
 Alistair's Intoxication  Tmut/Pois      0%         N/A       100%        5
 Metabolic Englaciation   Hex/Ice        0%         N/A       100%        5
 Yara's Violent Unravell  Hex/Tmut       0%         3d3       100%        5
 Freezing Cloud           Conj/Ice/Air   0%         6-21      100%        6
 Invisibility             Hex            0%         N/A       100%        6


Dungeon Overview and Level Annotations

Branches:
Dungeon (10/15)            Temple (1/1) D:6            Lair (0/6) D:9
Ossuary (visited)
    Orc: D:9-12

Altars:
Ashenzari
Dithmenos
Elyvilon
Fedhas
Gozag
Hepliaklqana
Kikubaaqudgha
Makhleb
Nemelex Xobeh
Okawaru
Qazlal
Ru
Sif Muna
Trog
Uskayaw
Vehumet
Wu Jian
Xom
Yredelemnul
Zin
The Shining One

Shops:
D:8 *


Innate Abilities, Weirdness & Mutations

You are resistant to damage.
You can heal yourself by infusing magical energy.
You passively map the area around you.
You do not regenerate.


Message History

The vampire flickers and vanishes!
Deactivating autopickup; reactivate with Ctrl-A.
You fail to use your ability.
Something hits you!
* * * LOW HITPOINT WARNING * * *
You block something's attack.
You feel much better. Something hits you. You block something's attack.
You feel much better. You block something's attack. x2
You hit something. Something draws life force from you!
You hit something. Something hits you but does no damage. Something bites you.
Something draws strength from your injuries!
Something hits you. Something bites you.
Something draws strength from your injuries!
You closely miss something. Something draws life force from you!
Something hits you! You block something's attack.
You hit something. Something draws life force from you!
You closely miss something. Something hits you. You block something's attack.
Something hits you. Something bites you!
* * * LOW HITPOINT WARNING * * *
Something draws strength from your injuries!
You closely miss something. Something hits you.
Something bites you but does no damage. You block something's attack.
Something bites you!
* * * LOW HITPOINT WARNING * * *
Something draws strength from your injuries!
You barely miss something. Something hits you but does no damage.
Something bites you but does no damage. Something hits you.
Something bites you.
Something draws strength from your injuries!
You hit something. Something hits you but does no damage.
Something bites you but does no damage.
You slash something! Something draws life force from you!
* * * LOW HITPOINT WARNING * * *
Something hits you but does no damage. Something bites you!
* * * LOW HITPOINT WARNING * * *
Something draws strength from your injuries!
You closely miss something. You block something's attack.
Something bites you but does no damage. Something hits you but does no damage.
You block something's attack.
You miss something. Something hits you!
You die...

....# #.# ##.## ##.##
#####...##### ...#
.............#
#############...###.#######
#..........<...........#
#................#####.#
####..###.#########.#####.#
......# #.######...(......#
####### .#....{@<..####..#
## .#.####.##.# #..# ..,
.#.# #.##.# #..# ## ##^#
#.##.####..# * #.#
#.##.#.....# ..#
#.##.......# * *###
#.###......# * #.# #......#
, #.# #......#


There were no monsters in sight!

Vanquished Creatures
  2 two-headed ogres
  Pikel (D:9)
  A troll (D:10)
  A hornet (D:7)
  A shadow (D:10)
  A wraith (D:6)
  A vampire (D:9)
  A wyvern (D:9)
  6 yaks (D:10)
  3 vampire mosquitoes (D:10)
  A water moccasin (D:7)
  3 orc warriors
  2 black bears (D:7)
  A sky beast (D:6)
  An ice beast (D:6)
  A necrophage (D:6)
  2 ogres
  4 centaurs
  A phantom (D:4)
  A kobold brigand (D:9)
  2 gnoll sergeants
  8 water moccasin zombies (Ossuary)
  3 scorpions
  A water moccasin skeleton (D:5)
  3 centaur zombies
  2 howler monkeys
  4 orc priests
  3 hounds (D:5)
  2 jellies
  2 centaur skeletons (D:4)
  A bullfrog skeleton (D:6)
  2 gnoll shamans
  8 iguanas
  6 orc wizards
  2 hound skeletons
  3 mummies
  A howler monkey zombie (D:8)
  Robin (D:2)
  25 gnolls
  7 adders
  A shadow imp (D:5)
  2 white imps (D:5)
  An ufetubus (D:7)
  3 adder zombies (Ossuary)
  4 dart slugs
  47 orcs
  7 bats
  4 endoplasms
  7 giant cockroaches
  16 goblins
  11 hobgoblins
  7 jackals
  2 quokkas
  3 ball pythons
  A frilled lizard (D:2)
  4 gnoll zombies (Ossuary)
  4 hobgoblin zombies (Ossuary)
  14 kobolds
  2 kobold zombies (Ossuary)
  4 orc zombies (Ossuary)
  9 rats
274 creatures vanquished.

Notes
Turn   | Place    | Note
-------+----------+-------------------------------------------
     0 | D:1      | robertstho the Deep Dwarf Hunter began the quest for the
                  | Orb.
     0 | D:1      | Reached XP level 1. HP: 19/19 MP: 1/1
   121 | D:1      | Reached XP level 2. HP: 26/26 MP: 2/2
   653 | D:1      | Reached skill level 5 in Crossbows
   820 | D:2      | Reached XP level 3. HP: 32/32 MP: 3/3
   828 | D:2      | Noticed Robin
   976 | D:2      | Killed Robin
   977 | D:2      | Reached skill level 1 in Armour
   998 | D:2      | Found a sacrificial altar of Ru.
  1024 | D:2      | Reached XP level 4. HP: 37/39 MP: 4/4
  1686 | D:3      | Found a faded altar of an unknown god.
  1800 | D:3      | Reached skill level 6 in Crossbows
  2045 | D:3      | Found a radiant altar of Vehumet.
  2199 | D:4      | Noticed a phantom
  2204 | D:4      | Reached XP level 5. HP: 43/45 MP: 5/5
  2209 | D:4      | Killed a phantom
  2210 | D:4      | Reached skill level 1 in Shields
  2298 | D:4      | Found a sand-covered staircase.
  2337 | Ossuary  | Entered an ossuary
  2359 | Ossuary  | Reached XP level 6. HP: 38/55 MP: 4/4
  2364 | Ossuary  | Reached skill level 7 in Crossbows
  2421 | Ossuary  | Reached XP level 7. HP: 50/61 MP: 4/4
  2703 | D:4      | Reached skill level 8 in Crossbows
  3208 | D:5      | Entered Level 5 of the Dungeon
  3234 | D:5      | Noticed a two-headed ogre
  3298 | D:5      | Reached XP level 8. HP: 43/69 MP: 5/5
  3755 | D:5      | Reached skill level 9 in Crossbows
  3804 | D:5      | Killed a two-headed ogre
  3805 | D:5      | Reached skill level 1 in Short Blades
  3805 | D:5      | Reached skill level 5 in Armour
  3805 | D:5      | Reached skill level 5 in Dodging
  3805 | D:5      | Gained mutation: You passively map the area around you.
                  | [Deep Dwarf growth]
  3805 | D:5      | Reached XP level 9. HP: 61/79 MP: 5/5
  4076 | D:5      | Found a stormy altar of Qazlal.
  4088 | D:5      | Found a white marble altar of Elyvilon.
  4091 | D:5      | Found an opulent altar of Gozag.
  4093 | D:5      | Found a shimmering blue altar of Sif Muna.
  4095 | D:5      | Found a glowing silver altar of Zin.
  4487 | D:6      | Reached skill level 5 in Fighting
  4749 | D:6      | Found a staircase to the Ecumenical Temple.
  5095 | D:6      | Reached skill level 10 in Crossbows
  5318 | Temple   | Entered the Ecumenical Temple
  5339 | Temple   | Became a worshipper of Makhleb the Destroyer
  5416 | D:7      | Paralysed by a hornet for 1 turns
  5418 | D:7      | Reached skill level 1 in Invocations
  5429 | D:7      | You fall into a shaft and drop 2 floors!
  5449 | D:9      | Noticed Pikel
  5482 | D:9      | Killed Pikel
  5611 | D:9      | Noticed a two-headed ogre
  5617 | D:9      | Killed a two-headed ogre
  5618 | D:9      | Reached XP level 10. HP: 56/91 MP: 7/7
  6016 | D:9      | Reached skill level 5 in Shields
  6152 | D:9      | Reached * piety under Makhleb
  6190 | D:9      | Found a staircase to the Lair.
  6592 | D:8      | Found a shimmering altar of Xom.
  6915 | D:8      | Found a bloodstained altar of Trog.
  7017 | D:8      | Found Metwawiq's Mass Market.
  7446 | D:7      | Reached ** piety under Makhleb
  7510 | D:7      | Reached skill level 11 in Crossbows
  7881 | D:7      | Found a shadowy altar of Dithmenos.
  8333 | D:10     | Entered Level 10 of the Dungeon
  8729 | D:10     | Found a glowing golden altar of the Shining One.
  8982 | D:10     | Reached skill level 1 in Long Blades
  8982 | D:10     | Reached skill level 5 in Invocations
  8982 | D:10     | Reached XP level 11. HP: 16/99 MP: 5/5
  9082 | D:10     | Slain by a vampire

Illustrated notes

Levels and vault maps discovered:
D:1:      nzn_arrival_water_spiral, layout_loops_ring, chequers_arboretum,
          feat_on_display
D:2:      layout_basic, basic_altar, guppyfry_early_lair_pool, uniq_robin
D:3:      layout_basic, nicolae_overflow_crystal_walls,
          chequers_ecumenical_altar_simple, nrook_mini_backslash
D:4:      layout_cave_pools, gup_ossuary_entry_pyramid, minivault_4
D:5:      layout_basic, minitemple, minmay_tree_intersection,
          minmay_increasing_density
D:6:      layout_basic, minmay_temple_entry_trees
D:7:      layout_basic, grunt_dithmenos_smoke
D:8:      layout_loops_ring, lemuel_round_altar, xom_butterflies,
          minmay_shop_mass
D:9:      layout_stronghold, lair_entry_dummy, uniq_pikel
D:10:     layout_loops_ring, nicolae_tso_swordbearing_angel
Temple:   minmay_temple_bridge_abc

Skill      XL: |  1  2  3  4  5  6  7  8  9 10 |
---------------+-------------------------------+-----
Crossbows      | 5 6 7 8 9 10 11 | 11.1
Fighting       | 2 3 4 6 |  6.8
Armour         | 1 2 3 5 6 7 |  7.7
Shields        | 1 3 4 5 |  5.9
Dodging        | 3 4 5 6 7 |  7.8
Short Blades   | 1 2 |  2.1
Invocations    | 3 5 |  5.0
Stealth        | 2 |  2.1
Long Blades    | 1 |  1.0

Action                   |  1- 3 |  4- 6 |  7- 9 | 10-12 || total
-------------------------+-------+-------+-------+-------++-------
Melee: Short sword       |       |    16 |    37 |   304 ||   357
       Scimitar          |       |       |       |   103 ||   103
       Hand crossbow     |       |       |       |     1 ||     1
 Fire: Hand crossbow     |    80 |   164 |   362 |   174 ||   780
Invok: Minor Destruction |       |       |       |     1 ||     1
 Abil: Heal Wounds       |     1 |     4 |    14 |    39 ||    58
Evoke: Wand              |       |       |       |     2 ||     2
  Use: Scroll            |       |       |     6 |    10 ||    16
       Potion            |       |       |     1 |     5 ||     6
 Stab: Invisible         |       |       |       |     2 ||     2
       Sleeping          |       |       |       |     1 ||     1
Armor: Leather armour    |     7 |       |       |       ||     7
       Ring mail         |    18 |    90 |   115 |     6 ||   229
       Acid dragon scale |       |       |       |   297 ||   297
Dodge: Dodged            |    23 |    45 |   102 |   203 ||   373
Block: Tower shield      |       |   106 |   251 |   470 ||   827
       Rpst.: Scimitar   |       |       |       |     8 ||     8

Table legend: (Time is in decaauts)
 A = Elapsed time spent in this place.
 B = Non-inter-level travel time spent in this place.
 C = Inter-level travel time spent in this place.
 D = Time resting spent in this place.
 E = Time spent auto-exploring this place.
 F = Levels seen in this place.
 G = Mean time per level.
                   A        B        C        D        E       F      G
               +--------+--------+--------+--------+--------+-----+--------+
         Total |   9670 |   9173 |    497 |    100 |   6297 |  12 |  805.8 |
       Dungeon |   9284 |   8809 |    475 |    100 |   6203 |  10 |  928.4 |
        Temple |     42 |     21 |     21 |      0 |     11 |   1 |   42.0 |
       Ossuary |    342 |    342 |      0 |      0 |     83 |   1 |  342.0 |
               +--------+--------+--------+--------+--------+-----+--------+

Top non-repeatable levels by time:
     D:5: 1212 daAuts
     D:9: 1153 daAuts
     D:6: 1004 daAuts
     D:8: 951 daAuts
     D:1: 942 daAuts
     D:7: 939 daAuts
     D:4: 890 daAuts
    D:10: 870 daAuts
     D:2: 770 daAuts
     D:3: 550 daAuts
 Ossuary: 342 daAuts
  Temple: 42 daAuts
